 Dungeon Crawl Stone Soup version 0.27.1-33-g824d729ab1 (webtiles) character file.

Game seed: 16610279381009520648

7 comborobin the Sneak (level 2, -4/21 HPs)
             Began as an Octopode Delver on Dec 27, 2021.
             Slain by a shadow imp (6 damage)
             ... on level 6 of the Dungeon.
             The game lasted 00:00:18 (19 turns).

comborobin the Sneak (Octopode Delver)                Turns: 19, Time: 00:00:19

Health: -4/21      AC:  1    Str: 11    XL:     2   Next: 0%
Magic:  2/2        EV: 13    Int: 12    God:
Gold:   0          SH:  0    Dex: 13    Spells: 1/1 levels left

rFire    . . .     SeeInvis .   a - +0 short sword
rCold    . . .     Faith    .   (no shield)
rNeg     . . .     Spirit   .   (helmet restricted)
rPois    .         Reflect  .   (no amulet)
rElec    .         Harm     .   (no ring)
rCorr    .         Rampage  .   (no ring)
Will     .....                  (no ring)
Stlth    ++++......             (no ring)
HPRegen  0.07/turn              (no ring)
MPRegen  0.08/turn              (no ring)
                                (no ring)
                                (no ring)

@: hasted, very quick
A: almost no armour, amphibious, 8 rings, camouflage 1, gelatinous body 1,
(nimble swimmer 1), tentacles
a: no special abilities


You were on level 6 of the Dungeon.
You visited 1 branch of the dungeon, and saw 2 of its levels.

Inventory:

Hand Weapons
 a - a +0 short sword (weapon)
Wands
 f - a wand of digging (3)
Scrolls
 b - a scroll of fog
 c - a scroll of magic mapping
 d - a scroll of fear


   Skills:
 - Level 3.0 Fighting
 + Level 2.6 Short Blades
 - Level 2.0 Dodging
 - Level 6.6 Stealth


You had one spell level left.
You didn't know any spells.
Your spell library was empty.

Dungeon Overview and Level Annotations

Branches:
Dungeon (6/15)
 Temple: D:4-7

Altars:


Innate Abilities, Weirdness & Mutations

You cannot wear most types of armour.
You are amphibious.
You can wear up to eight rings at the same time.
Your skin changes colour to match your surroundings (Stealth+).
Your rubbery body absorbs attacks. (AC +1, EV +1)
((You are camouflaged near water. (Stealth+)))
You have tentacles for arms and can constrict up to eight enemies at once.


Message History

There is a stone staircase leading up here.
Found a stone staircase leading up.
A white imp comes into view.
The white imp shouts!
Something shouts, "Bolt, thou bootless wibble-sucking whey-face!"
Unknown command.
Unknown command.
Unknown command.
Okay, then.
You feel yourself speed up.
Found a pair of boots.
A shadow imp comes into view.
Found a stone staircase leading down.
The white imp shouts, "Slither hence, thou canting weeb-spouting puttock!"
The white imp gestures at you. The puff of frost misses you.
The white imp gestures at you. The puff of frost hits you.
You hit the white imp. Your grab misses the white imp.
The white imp is heavily wounded.
The white imp hits you. The white imp freezes you.
You hit the white imp but do no damage. You grab the white imp.
You squeeze the white imp.
The white imp is almost dead.
You constrict the white imp, but do no damage.
The white imp hits you. The white imp freezes you.
* * * LOW HITPOINT WARNING * * *
You hit the white imp but do no damage.
The white imp is almost dead.
You constrict the white imp. You hit the white imp.
You kill the white imp!
The shadow imp hits you.
* * * LOW HITPOINT WARNING * * *
You have reached level 2!
You hit the shadow imp but do no damage.
Your grab misses the shadow imp. Your squeeze misses the shadow imp.
The shadow imp shouts, "Turn tail, thou spongy saucy skainsmate!"
The shadow imp hits you.
You die...

#......#
#......#
#......###>
#..........
#..........
#......[...
#.5<......
#@...#
#....#
#.#.##
##.#...
#..# ###
#.## #.#
#.# #.###


You could see a shadow imp.

Vanquished Creatures
  A white imp (D:6)
1 creature vanquished.

Notes
Turn   | Place    | Note
-------+----------+-------------------------------------------
     0 | D:5      | comborobin the Octopode Delver began the quest for the Orb.
     0 | D:5      | Reached XP level 1. HP: 16/16 MP: 1/1
    19 | D:6      | Reached XP level 2. HP: 2/21 MP: 2/2
    19 | D:6      | Slain by a shadow imp

Illustrated notes

Levels and vault maps discovered:
D:5:      layout_basic, mainiacjoe_overflow_six_doors_small,
          nicolae_ossuary_entry_ruins, minmay_fractal_squares_5
D:6:      kennysheep_spiral_hall, layout_loops_ring,
          mainiacjoe_overflow_surrounded_room, temple_statues, eino_tiny_chamber

Action                   || total
-------------------------++-------
Melee: Short sword       ||     5
       Constrict         ||     1
       Tentacles         ||     1
  Use: Potion            ||     1
Dodge: Dodged            ||     1
